 Dungeon Crawl Stone Soup version 0.22-a0-422-g9628fc8 (webtiles) character file.

246 Borgoz the Shield-Bearer (level 6, -7/38 HPs)
             Began as a Gargoyle Fighter on May 21, 2018.
             Mangled by an ogre
             ... wielding a +0 giant club
              (23 damage)
             ... on level 4 of the Dungeon.
             The game lasted 00:03:51 (2768 turns).

Borgoz the Shield-Bearer (Gargoyle Fighter)         Turns: 2768, Time: 00:03:52

Health: -7/38      AC: 11    Str: 24    XL:     6   Next: 11%
Magic:  6/6        EV:  9    Int:  9    God:
Gold:   186        SH: 10    Dex: 11    Spells: 5/5 levels left

rFire    . . .     SeeInvis .   a - +0 flail
rCold    . . .     Gourm    .   c - +0 shield
rNeg     + . .     Faith    .   b - +0 scale mail
rPois    ∞         Spirit   .   (no helmet)
rElec    +         Reflect  .   (no cloak)
rCorr    .         Harm     .   (no gloves)
MR       .....                  (no boots)
Stlth    ..........             (no amulet)
HPRegen  0.12/turn              (no ring)
MPRegen  0.10/turn              (no ring)

@: mighty, slowed, very slow
A: negative energy resistance 1, electricity resistance, unbreathing,
petrification resistance, rot immunity, AC +4
a: no special abilities


You were on level 4 of the Dungeon.
You were not hungry.

You visited 1 branch of the dungeon, and saw 4 of its levels.

You collected 186 gold pieces.

Inventory:

Hand Weapons
 a - a +0 flail (weapon)
Armour
 b - a +0 scale mail (worn)
 c - a +0 shield (worn)
Jewellery
 o - an uncursed ring of fire {unknown}
Scrolls
 g - 3 scrolls of enchant armour {unknown}
 h - 3 scrolls of remove curse {unknown}
 i - a scroll of enchant weapon {unknown}
 k - 3 scrolls of identify {unknown}
 l - a scroll of fog {unknown}
 p - 2 scrolls of fear {unknown}
 q - 2 scrolls of random uselessness {unknown}
 r - 2 scrolls of teleportation {unknown}
Potions
 e - 2 potions of heal wounds {unknown}
 j - 2 potions of curing {unknown}
 m - 2 potions of flight {unknown}
 n - 2 potions of haste {unknown}
 s - a potion of lignification {unknown}
 t - a potion of mutation {unknown}
Comestibles
 f - 6 rations


   Skills:
 + Level 4.1 Fighting
 + Level 3.1 Maces & Flails
 + Level 4.1 Armour
 * Level 2.6 Dodging
 + Level 4.2 Shields


You had 5 spell levels left.
You didn't know any spells.
Your spell library was empty.

Dungeon Overview and Level Annotations

Branches:
Dungeon (4/15)
 Temple: D:4-7

Altars:
Cheibriados
Elyvilon
Gozag
Nemelex Xobeh
Sif Muna


Innate Abilities, Weirdness & Mutations

You are resistant to torment.
Your stone body is resilient. (AC +4)
You are immune to poison.
You resist negative energy. (rN+)
You are resistant to electric shocks. (rElec)
You can survive without breathing.
You are immune to petrification.
You are immune to rotting.


Message History

You hit Natasha.
Natasha is heavily wounded.
Natasha barely misses you. The crimson imp barely misses you.
You thump Natasha!
You kill Natasha!
Natasha screams in pain as she dies!
The crimson imp disappears in a puff of smoke!
You have reached level 6!
Your experience leads to an increase in your attributes!
Increase (S)trength, (I)ntelligence, or (D)exterity?
You feel agile. The ogre hits you with a giant club.
You aren't carrying any items that you can evoke.
You feel very mighty all of a sudden. You block the ogre's attack.
You thump the ogre!
The ogre is heavily wounded.
The ogre hits you with a giant club!!
Ouch! That really hurt!
You die...

........#...... #....#
....###....#### #....#
#........#.######....#
......##..##.............#
........## #<................###
........#####..######.........>..
....... ...##..# ###.####....###
#.#... #.#...####...# #....###
#a#.## ###....#O@.#.### #....##.
.....###....#.#...#.###########..
......##.##...#..................
..<......##..##...#.###########..
##.......###........## #..
.##......###.##......# #..
..##.....##..######..#### #..
...#.....##..##.........#### ##.
......#......##.......#....## ##


You could see an ogre.

Vanquished Creatures
  A scorpion (D:4)
  A worker ant (D:2)
  Natasha (twice) (D:4)
  4 adders
  An ooze (D:3)
  An adder skeleton (D:4)
  2 worms (D:3)
  6 dart slugs
  2 leopard geckos
  An orc (D:3)
  2 giant cockroaches
  6 goblins
  2 hobgoblins
  3 jackals (D:2)
  A quokka (D:3)
  2 ball pythons
  9 bats
  6 frilled lizards
  11 kobolds
  5 rats
68 creatures vanquished.

Notes
Turn   | Place    | Note
-------+----------+-------------------------------------------
     0 | D:1      | Borgoz the Gargoyle Fighter began the quest for the Orb.
     0 | D:1      | Reached XP level 1. HP: 14/14 MP: 1/1
   191 | D:1      | Reached XP level 2. HP: 19/19 MP: 2/2
   450 | D:1      | Reached skill level 1 in Dodging
   635 | D:1      | You fall through a shaft!
   708 | D:2      | Reached XP level 3. HP: 23/23 MP: 3/3
   714 | D:2      | Found a white marble altar of Elyvilon.
   944 | D:2      | Reached XP level 4. HP: 28/28 MP: 4/4
  1717 | D:2      | Found a snail-covered altar of Cheibriados.
  1717 | D:2      | Found an opulent altar of Gozag.
  1968 | D:3      | Found a sparkling altar of Nemelex Xobeh.
  2052 | D:3      | Reached XP level 5. HP: 10/33 MP: 5/5
  2342 | D:4      | Found a deep blue altar of Sif Muna.
  2355 | D:4      | Noticed an ogre
  2654 | D:4      | Noticed Natasha
  2661 | D:4      | Killed Natasha
  2758 | D:4      | Noticed Natasha
  2766 | D:4      | Killed Natasha
  2766 | D:4      | Reached XP level 6. HP: 17/38 MP: 6/6
  2768 | D:4      | Mangled by an ogre

Vault maps used:
D:1:      dpeg_arrival_pits, interstate_on_off
D:2:      elyvilon_altar_3, gammafunk_temple_overflow_wave
D:3:      nemelex_diamond_rough_becter
D:4:      lemuel_round_altar, serial_shops, shop_fountains, first_ration,
          corexii_checkpoint_b, uniq_natasha

Skill      XL: |  1  2  3  4  5 |
---------------+----------------+-----
Dodging        | 1 2 |  2.6
Fighting       | 4 |  4.1
Shields        | 4 |  4.2
Armour         | 4 |  4.1
Maces & Flails | 3 |  3.1

Action                   |  1- 3 |  4- 6 || total
-------------------------+-------+-------++-------
Melee: Flail             |   142 |   201 ||   343
  Use: Potion            |       |     1 ||     1
  Eat: Chunk             |       |     7 ||     7
Armor: Scale mail        |   109 |   143 ||   252
Dodge: Dodged            |    51 |    82 ||   133
Block: Shield            |    79 |   127 ||   206

Table legend:
 A = Spawn XP
 B = Non-spawn XP
 C = Spawn XP percentage of total XP
 D = Spawn monster count
 E = Non-spawn monster count
 F = Spawn count percentage of total count
 G = Total turns spent on level
                    A         B        C        D         E        F      G
               +---------+---------+-------+---------+---------+-------+---------
         Total |       0 |     352 |   0.0 |       0 |      68 |   0.0 |  2768
               +---------+---------+-------+---------+---------+-------+---------
           D:1 |       0 |      41 |   0.0 |       0 |      25 |   0.0 |  1018
           D:2 |       0 |      80 |   0.0 |       0 |      18 |   0.0 |   885
           D:3 |       0 |      79 |   0.0 |       0 |      18 |   0.0 |   663
           D:4 |       0 |     152 |   0.0 |       0 |       7 |   0.0 |   202
               +---------+---------+-------+---------+---------+-------+---------
